 Dungeon Crawl Stone Soup version 0.31-a0-460-g9e667d4245 (webtiles) character file.

Game seed: 8074648812017419147

10 RepHenryClay the Sneak (level 2, 0/23 HPs)
             Began as a Vampire Delver on Aug 5, 2023.
             Slain by an iguana (6 damage)
             ... on level 4 of the Dungeon.
             The game lasted 00:00:22 (69 turns).

RepHenryClay the Sneak (Vampire Delver)               Turns: 69, Time: 00:00:23

Health: 0/23       AC:  3    Str: 11    XL:     2   Next: 10%
Magic:  2/2        EV: 12    Int: 12    God:
Gold:   0          SH:  0    Dex: 15    Spells: 1/1 levels left

rFire   . . .        a - +0 falchion
rCold   . . .        (no shield)
rNeg    . . .        b - +0 leather armour
rPois   .            (no helmet)
rElec   .            (no cloak)
rCorr   .            (no gloves)
SInv    +            (no boots)
Will    .....        (no amulet)
Stlth   +++          (no ring)
HPRegen 0.43/turn    (no ring)
MPRegen 0.08/turn

%: no passive effects
@: healing quickly
A: alive, fangs 3, see invisible, vampiric 1
a: Exsanguinate


You were on level 4 of the Dungeon.
You visited 1 branch of the dungeon, and saw 2 of its levels.

Inventory:

Hand Weapons
 a - a +0 falchion (weapon)
Armour
 b - a +0 leather armour (worn)
Wands
 g - a wand of digging (3)
Scrolls
 c - a scroll of fog
 d - a scroll of revelation
 e - a scroll of fear
 h - a scroll of blinking {unknown}
 i - a scroll of enchant armour {unknown}
Potions
 f - a potion of haste


   Skills:
 - Level 2.6 Fighting
 + Level 2.8 Long Blades
 - Level 2.1 Dodging
 - Level 7.2 Stealth


You had one spell level left.
You didn't know any spells.
Your spell library was empty.

Dungeon Overview and Level Annotations

Branches:
Dungeon (5/15)
 Temple: D:4-7

Altars:

Annotations:
D:4 Blork the orc


Innate Abilities, Weirdness & Mutations

Your natural rate of healing is accelerated.
You have razor-sharp teeth.
You have supernaturally acute eyesight. (SInv)
You are afflicted with vampirism.


Message History

The jackal bites you.
Damage: -11%(-2hp) hp: 89%(15hp)
You hit the jackal.
You kill the jackal!
The adder completely misses you.
You hit the adder.
The adder is heavily wounded.
The adder bites you but does no damage.
You hit the adder.
You kill the adder!
You have reached level 2!
You see here a jackal corpse.
Found a club.
Blork the orc comes into view.
He is wielding a +3 scimitar of holy wrath.
You see here a scroll labelled ORIOFR DOROT.
i - a scroll labelled ORIOFR DOROT
Okay, then.
An iguana comes into view.
An iguana is nearby!
Found a stone staircase leading down.
The helpless iguana fails to defend itself.
You hit the iguana.
The iguana is moderately wounded.
The iguana bites you!
Huge Dmg: -34%(-8hp) hp: 66%(15hp)
You hit the iguana but do no damage.
The iguana is moderately wounded.
The iguana closely misses you.
You hit the iguana. Your bite misses the iguana.
The iguana is severely wounded.
The iguana barely misses you.
You barely miss the iguana.
The iguana is severely wounded.
The iguana bites you!
* * * LOW HITPOINT WARNING * * *
Huge Dmg: -43%(-10hp) hp: 27%(6hp)
You hit the iguana but do no damage.
The iguana is severely wounded.
The iguana bites you.
You die...

#..# #..# .##
#..# ####
.....#..##
#.. #......##
#.#
######..###.#
##.....# ##
#####.##...#
#.@..# #..l.#
+....# #....#
#....# #....#
......
####.>#


You could see an iguana.

Vanquished Creatures
  An adder (D:4)
  A jackal (D:4)
2 creatures vanquished.

Notes
Turn   | Place    | Note
-------+----------+-------------------------------------------
     0 | D:5      | RepHenryClay the Vampire Delver began the quest for the
                  | Orb.
     0 | D:5      | Reached XP level 1. HP: 17/17 MP: 1/1
    24 | D:4      | Reached XP level 2. HP: 23/23 MP: 2/2
    30 | D:4      | Noticed Blork the orc
    69 | D:4      | Slain by an iguana

Illustrated notes

Levels and vault maps discovered:
D:4:      layout_basic, gammafunk_temple_overflow_elements, uniq_blork_the_orc
D:5:      layout_layer_cave, serial_shops, nicolae_shop_tiny_statue_garden

Action                     || total
---------------------------++-------
  Melee: Falchion          ||    10
         Bite              ||     1
   Stab: Sleeping          ||     1
 Armour: Leather armour    ||     3
  Dodge: Dodged            ||     4

Table legend: (Time is in decaauts)
 A = Elapsed time spent in this place.
 B = Non-inter-level travel time spent in this place.
 C = Inter-level travel time spent in this place.
 D = Time resting spent in this place.
 E = Time spent auto-exploring this place.
 F = Levels seen in this place.
 G = Mean time per level.
                   A        B        C        D        E       F      G
               +--------+--------+--------+--------+--------+-----+--------+
         Total |     70 |     70 |      0 |      0 |      8 |   2 |   35.0 |
       Dungeon |     70 |     70 |      0 |      0 |      8 |   2 |   35.0 |
               +--------+--------+--------+--------+--------+-----+--------+

Top non-repeatable levels by time:
     D:4: 59 daAuts
     D:5: 11 daAuts
